 Dungeon Crawl Stone Soup version 0.28.0-43-g3370ac3207 (webtiles) character file.

Game seed: 8935561470138658935

39 joakim the Digger (level 3, 0/32 HPs)
             Began as a Troll Earth Elementalist on Mar 1, 2022.
             Slain by a goblin
             ... wielding a +0 dagger
             ... led by Robin
              (2 damage)
             ... on level 2 of the Dungeon.
             The game lasted 00:14:53 (1502 turns).

joakim the Digger (Troll Earth Elementalist)        Turns: 1502, Time: 00:14:56

Health: 0/32       AC:  4    Str: 16    XL:     3   Next: 26%
Magic:  0/4        EV: 10    Int: 13    God:
Gold:   52         SH:  0    Dex: 10    Spells: 3/4 levels left

rFire   + . .      SeeInvis .   d - +0 short sword
rCold   x . .      Faith    .   (no shield)
rNeg    . . .      Spirit   .   b - +0 robe
rPois   .          Reflect  .   (helmet restricted)
rElec   .          Harm     .   (no cloak)
rCorr   .          Rampage  .   (gloves unavailable)
Will    .....                   (boots unavailable)
Stlth   +.........              (no amulet)
HPRegen 0.90/turn               k - ring of fire
MPRegen 0.09/turn               (no ring)

@: very slightly contaminated
A: large, unfitting armour, claws 3, regeneration 1, shaggy fur 1, tough skin 1
a: no special abilities


You were on level 2 of the Dungeon.
You visited 1 branch of the dungeon, and saw 2 of its levels.

You collected 52 gold pieces.

Inventory:

Hand Weapons
 a - a +0 club
 d - a +0 short sword (weapon)
 g - a +0 spear
 h - a +0 dagger
 l - a +0 short sword
 n - a +0 club
Missiles
 c - 72 stones
 e - 57 arrows
 f - 39 bolts
 i - 5 boomerangs
 s - 4 poisoned darts
Armour
 b - a +0 robe (worn)
Jewellery
 k - a ring of fire (left claw)
Scrolls
 j - a scroll of blinking {unknown}
 o - a scroll of identify {unknown}
 p - a scroll of fear {unknown}
 q - a scroll of amnesia {unknown}
 r - 3 scrolls of torment {unknown}
 u - a scroll of fog {unknown}
Potions
 m - 2 potions of lignification {unknown}
 t - 2 potions of heal wounds {unknown}


   Skills:
 + Level 0.4 Fighting
 + Level 0.4 Short Blades
 + Level 1.8 Dodging
 + Level 1.3 Stealth
 + Level 1.4 Spellcasting
 + Level 0.6 Transmutations
 + Level 3.1 Earth Magic


You had 3 spell levels left.
You knew the following spells:

 Your Spells              Type           Power      Damage    Failure   Level
a - Sandblast             Erth           18%        2d7       8%          1

Your spell library contained the following spells:

 Spells                   Type           Power      Damage    Failure   Level
 Passwall                 Tmut/Erth      4%         N/A       19%         2
 Ensorcelled Hibernation  Hex/Ice        0%         N/A       38%         2
 Stone Arrow              Conj/Erth      8%         3d7       41%         3
 Swiftness                Air            0%         N/A       63%         3
 Petrify                  Tmut/Erth      5%         N/A       77%         4


Dungeon Overview and Level Annotations

Branches:
Dungeon (2/15)

Altars:

Annotations:
D:2 Robin, Sigmund


Innate Abilities, Weirdness & Mutations

You are too large for most types of armour.
You have claws for hands.
Your natural rate of healing is unusually fast.
You are covered in fur. (AC +1)
You have tough skin. (AC +1)


Message History

You hit the hobgoblin.
The hobgoblin is almost dead.
The goblin barely misses you. The hobgoblin barely misses you.
The goblin hits you with a +0 club. The goblin closely misses you.
Robin roars a battlecry!
The goblins go into a battle-frenzy!
The goblin closely misses you. The goblin barely misses you.
You closely miss the hobgoblin.
The hobgoblin is almost dead.
The goblin hits you but does no damage. The hobgoblin barely misses you.
The goblin hits you with a +0 club.
* * * LOW HITPOINT WARNING * * *
The goblin misses you.
The goblin hits you with a +2 dagger of pain.
* * * LOW HITPOINT WARNING * * *
You writhe in agony.
* * * LOW HITPOINT WARNING * * *
The goblin hits you but does no damage.
Casting: Sandblast (safe; 8% risk of failure)
Confirm with . or Enter, or press ? or * to list all spells.
Aiming: Sandblast (safe; 8% risk of failure)
Press: ? - help, Shift-Dir - straight line, f - goblin, p - goblin
Aim: a goblin, wielding a +0 club (strong, 72% to hit)
The blast of sand hits the goblin!
You kill the goblin!
The goblin no longer looks unusually strong.
The hobgoblin barely misses you. The goblin hits you with a +0 club.
* * * LOW HITPOINT WARNING * * *
Robin throws the goblin at you! The goblin barely misses you.
The goblin closely misses you.
The goblin splashes around in the water.
The goblin closely misses you.
You barely miss the hobgoblin.
The hobgoblin is almost dead.
The goblin no longer looks unusually strong. x3
The hobgoblin misses you. The goblin misses you.
The goblin hits you with a +0 dagger.
* * * LOW HITPOINT WARNING * * *
The goblin hits you with a +0 dagger.
You die...

#########.# ♣♣≈≈≈♣♣#
..........##♣P≈≈P≈≈#
#########.##P≈..≈.≈# ####
#.###.....## ...# #.........#
######### ##.#
#####.+...####..?....# #.#
........#....†......# ##'#
......gg#....)......# ...♣
♣≈♣♣≈...g@gg...†........ ≈≈≈♣
♣ ≈≈♣≈≈≈gggg............
♣≈≈≈≈P≈ ≈≈≈≈≈♣♣≈♣♣.....#....#<
≈≈≈PP≈≈≈≈≈≈≈≈♣P≈♣P♣..........#
♣≈P≈≈≈≈≈≈≈≈≈≈P♣≈ ≈≈≈.........#
≈≈≈≈≈≈≈≈≈≈≈≈≈ ≈≈P≈≈≈♣.....####
P≈≈≈≈≈≈≈≈≈≈≈ ≈≈PPP≈≈P♣.....
≈≈≈≈≈≈≈≈≈ ≈≈≈P P≈≈♣ .....


You could see Robin, 2 hobgoblins and 6 goblins.

Vanquished Creatures
  An adder (D:2)
  4 ball pythons
  2 endoplasms (D:1)
  3 giant cockroaches
  5 goblins
  2 hobgoblins (D:2)
  3 quokkas (D:1)
  3 bats
  2 frilled lizards
  2 rats (D:2)
27 creatures vanquished.

Vanquished Creatures (others)
  8 plants (D:2)
8 creatures vanquished.

Grand Total: 35 creatures vanquished

Notes
Turn   | Place    | Note
-------+----------+-------------------------------------------
     0 | D:1      | joakim the Troll Earth Elementalist began the quest for the
                  | Orb.
     0 | D:1      | Reached XP level 1. HP: 16/16 MP: 1/1
   157 | D:1      | Reached XP level 2. HP: 14/24 MP: 3/3
   759 | D:1      | Reached skill level 3 in Earth Magic
  1337 | D:2      | Reached XP level 3. HP: 28/31 MP: 4/4
  1482 | D:2      | Noticed Robin
  1491 | D:2      | Noticed Sigmund
  1502 | D:2      | Slain by a goblin

Illustrated notes

Levels and vault maps discovered:
D:1:      zelgadis_glass_arrival_small, layout_basic
D:2:      layout_basic, serial_bayou, serial_bayou_lagoon_b,
          serial_bayou_shore_b, serial_bayou_pond_e, serial_bayou_ford_a,
          serial_bayou_lake_a, serial_bayou_pond_a, uniq_terence, uniq_robin,
          uniq_sigmund, uniq_crazy_yiuf_cottage

Skill      XL: |  1  2 |
---------------+-------+-----
Earth Magic    | 3 |  3.1
Fighting       | |  0.4
Short Blades   | |  0.4
Dodging        | |  1.8
Stealth        | |  1.3
Spellcasting   | |  1.4
Transmutations | |  0.6

Action                   || total
-------------------------++-------
Melee: Short sword       ||   105
       Unarmed           ||     5
 Cast: Sandblast         ||     6
 Stab: Sleeping          ||     2
Armor: Robe              ||    61
Dodge: Dodged            ||   100
